 Dungeon Crawl Stone Soup version 0.30.1-3-gfc49f6343a (webtiles) character file.

Game seed: 9592548536360937090

285 Ethylacetat the Firebug (level 6, -1/36 HPs)
             Began as an Octopode Fire Elementalist on July 29, 2023.
             Was an Initiate of Vehumet.
             Slain by a worm (9 damage)
             ... on level 4 of the Dungeon on July 30, 2023.
             The game lasted 00:15:44 (2165 turns).

Ethylacetat the Firebug (OpFE)                      Turns: 2165, Time: 00:15:45

Health: -1/36      AC:  1    Str:  7    XL:     6   Next: 29%
Magic:  11/11      EV: 13    Int: 20    God:    Vehumet [......]
Gold:   76         SH:  0    Dex: 12    Spells: 4/11 levels left

rFire   . . .        d - +2 dagger (elec)
rCold   . . .        (no shield)
rNeg    . . .        (helmet restricted)
rPois   .            (no amulet)
rElec   .            (no ring)
rCorr   .            (no ring)
SInv    .            (no ring)
Will    .....        (no ring)
Stlth   ++++         (no ring)
HPRegen 0.26/turn    (no ring)
MPRegen 0.12/turn    (no ring)
                     (no ring)

%: no passive effects
@: no status effects
A: almost no armour, amphibious, 8 rings, camouflage 1, gelatinous body 1,
nimble swimmer 1, tentacles
a: Renounce Religion


You were on level 4 of the Dungeon.
You worshipped Vehumet.
Vehumet was noncommittal.
You visited 1 branch of the dungeon, and saw 4 of its levels.

You collected 76 gold pieces.

Inventory:

Hand Weapons
 d - a +2 dagger of electrocution (weapon)
 j - a +2 dagger of holy wrath
Wands
 e - a wand of polymorph (4)
 h - a wand of quicksilver (9)
Scrolls
 c - a scroll of poison {unknown}
 g - 2 scrolls of identify {unknown}
 i - a scroll of teleportation {unknown}
 k - a scroll of magic mapping {unknown}
Potions
 a - 3 potions of magic
 b - a potion of invisibility {unknown}
 f - 5 potions of curing {unknown}


   Skills:
 - Level 2.4 Dodging
 - Level 3.4 Stealth
 + Level 3.4 Spellcasting
 + Level 3.1 Conjurations
 * Level 4.6 Fire Magic


You had 4 spell levels left.
You knew the following spells:

 Your Spells              Type           Power      Damage    Failure   Level
a - Foxfire               Conj/Fire      76%        2x1d7     2%          1
b - Scorch                Fire           44%        2d7       3%          2
c - Flame Wave            Conj/Fire      19%        2d7       26%         4

Your spell library contained the following spells:

 Spells                   Type           Power      Damage    Failure   Level
 Inner Flame              Hex/Fire       12%        N/A       16%         3
 Volatile Blastmotes      Fire/Tloc      24%        2d12      16%         3
 Ensorcelled Hibernation  Hex/Ice        6%         N/A       21%         2
 Passwall                 Tmut/Erth      2%         N/A       21%         2
 Swiftness                Air            3%         N/A       38%         3


Dungeon Overview and Level Annotations

Branches:
Dungeon (4/15)
 Temple: D:4-7

Altars:
Vehumet

Portals:
Sewer: D:4

Annotations:
D:4 Ijyb


Innate Abilities, Weirdness & Mutations

You cannot wear most types of armour.
You are amphibious.
You can wear up to eight rings at the same time.
Your skin changes colour to match your surroundings (Stealth+).
Your rubbery body absorbs attacks. (AC +1, EV +1)
You are camouflaged when in or above water. (Stealth+)
You have tentacles for arms and can constrict up to eight enemies at once.


Message History

The iguana is almost dead.
The iguana bites you!
You hit the iguana.
You kill the iguana!
Vehumet accepts your kill.
You see here an iguana corpse.
You hear the slow rusting of a drain nearby.
An orc comes into view. It is wielding a +0 morningstar.
Found a stone staircase leading down.
The helpless orc fails to defend itself.
You puncture the orc!
You kill the orc!
Vehumet accepts your kill.
A worm comes into view.
Found a leather armour.
Found an amethyst potion.
A river rat and Ijyb come into view.
Ijyb is wielding a +4 dagger of speed, wearing a +2 ring mail of fire resistance and carrying a wand of flame (17).
Found a glowing drain.
You enter the deep water.
A worm comes into view.
Found a plate armour.
The worm barely misses you.
The helpless Ijyb fails to defend herself.
You hit Ijyb but do no damage. Lightning courses through Ijyb! You grab Ijyb.
Ijyb is heavily wounded.
You constrict Ijyb, but do no damage.
Ijyb zaps a wand.
The puff of flame hits you.
You hit Ijyb but do no damage. You squeeze Ijyb.
Ijyb is severely wounded.
You are engulfed in a cloud of scalding steam.
You constrict Ijyb, but do no damage.
Ijyb zaps a wand.
The puff of flame hits you.
* * * LOW HITPOINT WARNING * * *
The river rat bites you.
* * * LOW HITPOINT WARNING * * *
You hit Ijyb.
Ijyb is severely wounded.
You are engulfed in a cloud of scalding steam.
You constrict Ijyb, but do no damage. The worm bites you!
You die...

####.......)...# #
#............... #.
#.##..###.#.##..
##.## #.##..#
#.#.##..
....!####.##..###.#.#
.
................#.#.#
.
#≈~.~~##...........>
##~~.~~##.##..#....
~≈....g@≈.##..#.##.
~≈....r≈w.# ...
~~[.∩...~.... .#.
~≈.....~~.##..#.
~~.....≈~.# .#
##≈≈~≈≈##.# .. #~≈≈~~
#.# [ ...w.. .#


You could see Ijyb, 2 worms and a river rat.

Vanquished Creatures
  A phantom (D:2)
  An orc priest (D:3)
  Terence (D:2)
  An iguana (D:4)
  4 adders
  3 dart slugs (D:1)
  9 orcs
  7 ball pythons
  3 endoplasms
  4 giant cockroaches
  6 goblins
  5 hobgoblins
  10 jackals
  3 quokkas
  7 bats
  8 kobolds
  7 rats
80 creatures vanquished.

Vanquished Creatures (collateral kills)
  A foxfire (D:2)
1 creature vanquished.

Vanquished Creatures (others)
  23 foxfires
23 creatures vanquished.

Grand Total: 104 creatures vanquished

Notes
Turn   | Place    | Note
-------+----------+-------------------------------------------
     0 | D:1      | Ethylacetat the Octopode Fire Elementalist began the quest
                  | for the Orb.
     0 | D:1      | Reached XP level 1. HP: 11/11 MP: 3/3
   180 | D:1      | Reached XP level 2. HP: 17/17 MP: 5/5
   483 | D:1      | Reached XP level 3. HP: 3/21 MP: 4/6
   898 | D:2      | Noticed Terence
   903 | D:2      | Learned a level 2 spell: Scorch
   912 | D:2      | Killed Terence
   913 | D:2      | Reached XP level 4. HP: 10/27 MP: 0/7
  1135 | D:2      | Noticed a phantom
  1143 | D:2      | Killed a phantom
  1144 | D:2      | Reached XP level 5. HP: 28/31 MP: 0/9
  1241 | D:2      | Reached skill level 4 in Fire Magic
  1310 | D:2      | Learned a level 4 spell: Flame Wave
  1473 | D:3      | Reached XP level 6. HP: 23/36 MP: 4/10
  1679 | D:3      | Found a radiant altar of Vehumet.
  1691 | D:3      | Became a worshipper of Vehumet
  2160 | D:4      | Found a glowing drain.
  2160 | D:4      | Noticed Ijyb
  2165 | D:4      | Slain by a worm

Illustrated notes

Levels and vault maps discovered:
D:1:      onia_arrival_mini_maze, layout_basic, moated_statue
D:2:      layout_basic, dreamdust_mushroom_princess, feat_on_display,
          uniq_terence
D:3:      layout_loops_ring, nicolae_vehumet_radiance
D:4:      layout_loops_ring, cheibrodos_sewer_entry_sluice, st_stairs_8,
          uniq_blork_the_orc, uniq_ijyb, uniq_robin

Skill      XL: |  1  2  3  4  5  6 |
---------------+-------------------+-----
Stealth        | 3 |  3.4
Conjurations   | 2 3 |  3.1
Spellcasting   | 3 |  3.4
Fire Magic     | 4 |  4.6
Dodging        | |  2.4

Action                     |  1- 3 |  4- 6 || total
---------------------------+-------+-------++-------
  Melee: Unarmed           |   100 |     1 ||   101
         Constrict         |    31 |    19 ||    50
         Tentacles         |    28 |    16 ||    44
         Punch             |     2 |     1 ||     3
         Dagger            |       |    76 ||    76
   Cast: Foxfire           |     6 |     8 ||    14
         Scorch            |     3 |     6 ||     9
   Stab: Sleeping          |     5 |    11 ||    16
 Armour: Skin              |    13 |     9 ||    22
  Dodge: Dodged            |    63 |    39 ||   102
